 Dungeon Sprint DCSS version 0.30-a0-377-g5cb311bc9f (webtiles) character file.

Game seed: 14147258715600923110

1 rocky1 the Grasshopper (level 1, 0/19 HPs)
             Began as a Naga Warper on Nov 28, 2022.
             Slain by a jackal (2 damage)
             ... in the Dungeon (Sprint VII: "The Pits").
             The game lasted 00:00:03 (17 turns).

rocky1 the Grasshopper (Naga Warper)                  Turns: 17, Time: 00:00:05

Health: 0/19       AC:  1    Str: 13    XL:     1   Next: 20%
Magic:  3/3        EV:  9    Int: 13    God:
Gold:   0          SH:  0    Dex: 10    Spells: 4/4 levels left

rFire   . . .      SeeInvis +    a - +0 mace
rCold   . . .      Faith    .    (no shield)
rNeg    . . .      Spirit   .    b - +0 leather armour
rPois   +          Reflect  .    (no helmet)
rElec   .          Harm     .    (no cloak)
rCorr   .          Rampage  .    (no gloves)
Will    .....      NoTele   +    (no barding)
Stlth   +.........               (no amulet)
HPRegen 0.23/turn                (no ring)
MPRegen 0.08/turn                (no ring)

@: very slow
A: AC +0, large, see invisible, deformed body, poison resistance, slowness 2,
spit poison 1, naga tail 1
a: Spit Poison


You were in the Dungeon.
You visited 1 branch

Inventory:

Hand Weapons
 a - a +0 mace (weapon)
Missiles
 d - 7 boomerangs of dispersal (quivered)
Armour
 b - a +0 leather armour (worn)
Scrolls
 c - 2 scrolls of blinking
Potions
 e - a potion of curing
 f - a potion of heal wounds
 g - a potion of haste
 h - 2 potions of magic
 i - a potion of berserk rage


   Skills:
 + Level 2.0 Fighting
 + Level 2.1 Maces & Flails
 + Level 0.8 Throwing
 + Level 0.7 Armour
 + Level 1.6 Dodging
 + Level 2.2 Spellcasting
 + Level 3.2 Translocations


You had 4 spell levels left.
You didn't know any spells.
Your spell library contained the following spells:

 Spells                   Type           Power      Damage    Failure   Level
 Blink                    Tloc           20%        N/A       12%         2
 Lesser Beckoning         Tloc           20%        N/A       24%         3
 Teleport Other           Tloc           10%        N/A       24%         3
 Vhi's Electric Charge    Tloc/Air       10%        N/A       43%         3
 Manifold Assault         Tloc           10%        N/A       63%         4


Dungeon Overview and Level Annotations

Branches:
Dungeon (1/1)

Altars:


Innate Abilities, Weirdness & Mutations

Your serpentine skin is tough. (AC +0)
You have supernaturally acute eyesight. (SInv)
Armour fits poorly on your strangely shaped body.
Your system is resistant to poisons. (rPois)
You cover ground very slowly.
You can spit poison.
You have a snake-like lower body.


Message History

Welcome, rocky1 the Naga Warper.
Press ? for a list of commands and other information.
Found a staircase leading out of the dungeon.
You open the door.
There is an open door to the Entrance Hall (Safe) here.
You open the door. 4 jackals come into view.
The jackal barks! x2
You hit the jackal.
The jackal is almost dead.
The jackal closely misses you.
You hit the jackal.
You kill the jackal!
The jackal bites you. The jackal misses you. The jackal closely misses you.
The jackal bites you.
You barely miss the jackal.
The jackal bites you but does no damage.
The jackal barely misses you.
You hit the jackal.
The jackal is lightly wounded.
The jackal misses you. The jackal closely misses you. The jackal bites you.
The jackal closely misses you. x2; The jackal bites you.
You hit the jackal but do no damage.
The jackal is lightly wounded.
The jackal bites you. The jackal barely misses you. The jackal bites you.
The jackal barely misses you.
The jackal bites you but does no damage.
You hit the jackal but do no damage.
The jackal is lightly wounded.
The jackal bites you. x3
* * * LOW HITPOINT WARNING * * *
The jackal bites you.
* * * LOW HITPOINT WARNING * * *
The jackal bites you.
You die...

##########++
#...........
#......#..#.
####.##h..........
......h@..........
#+#####h.....#..#.
#...........
####'#####++
#.......#
#.......#
#.......#
#...<...#
#.......#


You could see 3 jackals.

Vanquished Creatures
  A jackal (D)
1 creature vanquished.

Notes
Turn   | Place    | Note
-------+----------+-------------------------------------------
     0 | D        | rocky1 the Naga Warper began the quest for the Orb.
     0 | D        | Reached XP level 1. HP: 19/19 MP: 3/3
    17 | D        | Slain by a jackal

Illustrated notes

Levels and vault maps discovered:
D:        pitsprint [storerooms_1, entrance_room_1, metal_vault_1, armoury_2,
          mini_pit_1, grid_room_1, main_hall_1, silver_pit, the_coven_1,
          the_vestibule_1, steel_vault_2, golden_pit, hallway_of_sentries,
          crystal_vault_3, iron_vault_4, final_vault]

Action                   || total
-------------------------++-------
Melee: Mace              ||     6
Armor: Leather armour    ||     2
Dodge: Dodged            ||    10

Table legend: (Time is in decaauts)
 A = Elapsed time spent in this place.
 B = Non-inter-level travel time spent in this place.
 C = Inter-level travel time spent in this place.
 D = Time resting spent in this place.
 E = Time spent auto-exploring this place.
 F = Levels seen in this place.
 G = Mean time per level.
                   A        B        C        D        E       F      G
               +--------+--------+--------+--------+--------+-----+--------+
         Total |     22 |     22 |      0 |      0 |      0 |   1 |   22.0 |
       Dungeon |     22 |     22 |      0 |      0 |      0 |   1 |   22.0 |
               +--------+--------+--------+--------+--------+-----+--------+

Top non-repeatable levels by time:
       D: 22 daAuts
